 Dungeon Crawl Stone Soup version 0.26.1-16-g4e020e15dc (webtiles) character file.

Game seed: 542621971147791083

63 BiteMe the Firebug (level 3, 0/24 HPs)
             Began as a Demonspawn Fire Elementalist on Dec 26, 2023.
             Slain by a bullfrog (9 damage)
             ... on level 2 of the Dungeon.
             The game lasted 00:18:56 (2464 turns).

BiteMe the Firebug (Demonspawn Fire Elementalist)   Turns: 2464, Time: 00:18:57

Health: 0/24       AC:  4    Str:  8    XL:     3   Next: 89%
Magic:  1/6        EV: 12    Int: 17    God:
Gold:   50         SH:  0    Dex: 13    Spells: 5/6 levels left

rFire    . . .     SeeInvis .   j - +2 hunting sling (flame)
rCold    . . .     Faith    .   (no shield)
rNeg     . . .     Spirit   .   a - +0 robe
rPois    .         Reflect  .   i - +2 hat
rElec    .         Harm     .   (no cloak)
rCorr    .         Rampage  .   (no gloves)
Will     .....                  (no boots)
Stlth    ++........             (no amulet)
HPRegen  0.08/turn              (no ring)
MPRegen  0.10/turn              (no ring)

@: no status effects
A: claws 1, sturdy frame 1
a: no special abilities


You were on level 2 of the Dungeon.
You visited 1 branch of the dungeon, and saw 2 of its levels.

You collected 50 gold pieces.

Inventory:

Hand Weapons
 d - a +0 dagger
 e - a +0 club
 j - a +2 hunting sling of flaming (weapon)
Missiles
 l - 30 stones (quivered ammo)
Armour
 a - a +0 robe (worn)
 f - a +0 ring mail
 i - a +2 hat (worn)
Scrolls
 g - a scroll of enchant armour {unknown}
 h - a scroll of remove curse {unknown}
 k - a scroll of blinking {unknown}
 o - a scroll of teleportation {unknown}
Potions
 b - a potion of haste {unknown}
 c - a potion of cancellation {unknown}
 m - 2 potions of lignification {unknown}
 n - a potion of berserk rage {unknown}
 p - a potion of curing {unknown}
 q - a potion of degeneration {unknown}


   Skills:
 + Level 0.1 Slings
 + Level 2.0 Dodging
 - Level 1.7 Stealth
 + Level 2.4 Spellcasting
 * Level 2.0 Conjurations
 + Level 3.5 Fire Magic


You had 5 spell levels left.
You knew the following spells:

 Your Spells              Type           Power        Failure   Level
a - Foxfire               Conj/Fire      44%          6%          1

Your spell library contained the following spells:

 Spells                   Type           Power        Failure   Level
 Conjure Flame            Conj/Fire      11%          17%         3
 Inner Flame              Hex/Fire       8%           26%         3
 Sticky Flame             Conj/Fire      11%          50%         4
 Fireball                 Conj/Fire      5%           85%         5


Dungeon Overview and Level Annotations

Branches:
Dungeon (2/15)

Altars:


Innate Abilities, Weirdness & Mutations

You have sharp fingernails.
Your movements are slightly less encumbered by armour. (ER -2)


Message History

The bullfrog hits you! The bullfrog hits you.
The foxfire hits the bullfrog.
The bullfrog is moderately wounded.
The foxfire hits the hobgoblin.
You kill the hobgoblin!
The bullfrog barely misses you. The bullfrog hits you.
Casting: Foxfire (safe; 6% risk of failure)
Press: ? - help, Q - select action, (/) - cycle Dir - look around, f - activate You conjure some foxfire!
The bullfrog hits you but does no damage.
The foxfire hits the bullfrog.
The bullfrog is moderately wounded.
The foxfire hits the bullfrog.
The bullfrog is heavily wounded.
Casting: Foxfire (safe; 6% risk of failure)
Press: ? - help, Q - select action, (/) - cycle Dir - look around, f - activate You conjure some foxfire!
The bullfrog hits you!
You die...

#..##.#...(..#. .....
#..##..?#.g..... #...
#..##.#.#.#.##.#.##...
#....)#).....g........
#..##.#.#S##.###.##...
#..##.g...............
#..##.#.##.###†####..#
#..##.#.##.###.####†.#
#...v@F..............#
#...v..§.............#
######################


You could see a bullfrog and a goblin.

Vanquished Creatures
  2 adders (D:2)
  An adder zombie (D:2)
  2 dart slugs (D:1)
  2 leopard geckos (D:1)
  3 bats (D:2)
  2 giant cockroaches
  6 goblins
  6 hobgoblins
  A quokka (D:2)
  A giant cockroach zombie (D:2)
  2 kobolds (D:1)
  A leopard gecko zombie (D:2)
  5 rats
34 creatures vanquished.

Vanquished Creatures (others)
  93 foxfires
93 creatures vanquished.

Grand Total: 127 creatures vanquished

Notes
Turn   | Place    | Note
-------+----------+-------------------------------------------
     0 | D:1      | BiteMe the Demonspawn Fire Elementalist began the quest for
                  | the Orb.
     0 | D:1      | Reached XP level 1. HP: 13/13 MP: 3/3
   514 | D:1      | Reached skill level 3 in Fire Magic
   514 | D:1      | Gained mutation: Your movements are slightly less
                  | encumbered by armour. (ER -2) [demonic ancestry]
   514 | D:1      | Reached XP level 2. HP: 19/19 MP: 1/5
  1526 | D:1      | Gained mutation: You have sharp fingernails. [demonic
                  | ancestry]
  1526 | D:1      | Reached XP level 3. HP: 24/24 MP: 4/6
  2452 | D:2      | Noticed a bullfrog
  2464 | D:2      | Slain by a bullfrog

Illustrated notes

Levels and vault maps discovered:
D:1:      sevenhm_arrival_forest_fort_large_4, layout_basic
D:2:      layout_basic, serial_undead, serial_undead_d, serial_undead_e,
          serial_undead_a, serial_undead_b, minivault_19, minmay_diced_spiral

Skill      XL: |  1  2  3 |
---------------+----------+-----
Fire Magic     | 3 |  3.5
Dodging        | 2 |  2.0
Conjurations   | 2 |  2.0
Slings         | |  0.1
Stealth        | |  1.7
Spellcasting   | |  2.4

Action                   || total
-------------------------++-------
Melee: Dagger            ||     3
 Fire: Hunting sling     ||     6
 Cast: Foxfire           ||    56
Armor: Robe              ||     4
Dodge: Dodged            ||    10
